 Dungeon Crawl Stone Soup version 0.22.1-1-ga44c0e5 (webtiles) character file.

3 MalarOregon the Digger (level 1, -1/14 HPs)
             Began as a Minotaur Earth Elementalist on Sept 22, 2018.
             Killed from afar by a dart slug (7 damage)
             ... with a slug dart
             ... on level 1 of the Dungeon.
             The game lasted 00:01:24 (31 turns).

MalarOregon the Digger (Minotaur Earth Elementalist)  Turns: 31, Time: 00:01:24

Health: -1/14      AC:  2    Str: 12    XL:     1   Next: 41%
Magic:  1/1        EV: 12    Int: 12    God:
Gold:   14         SH:  0    Dex: 10    Spells: 1/2 levels left

rFire    . . .     SeeInvis .   (no weapon)
rCold    . . .     Gourm    .   (no shield)
rNeg     . . .     Faith    .   c - +0 robe
rPois    .         Spirit   .   (helmet restricted)
rElec    .         Reflect  .   (no cloak)
rCorr    .         Harm     .   (no gloves)
MR       .....                  (no boots)
Stlth    ++........             (no amulet)
HPRegen  0.04/turn              (no ring)
MPRegen  0.07/turn              (no ring)

@: no status effects
A: retaliatory headbutt, horns 2
a: no special abilities


You were on level 1 of the Dungeon.
You were not hungry.

You visited 1 branch of the dungeon, and saw 1 of its levels.

You collected 14 gold pieces.

Inventory:

Missiles
 b - 29 stones (quivered)
Armour
 c - a +0 robe (worn)
Comestibles
 e - a ration {!d}


   Skills:
 + Level 0.2 Fighting
 + Level 2.2 Dodging
 - Level 1.5 Stealth
 + Level 1.4 Spellcasting
   Level 0.7 Transmutations
 * Level 2.5 Earth Magic


You had one spell level left.
You knew the following spells:

 Your Spells              Type           Power        Failure   Level  Hunger
a - Sandblast             Erth           #.....       11%         1    ##.....

Your spell library contained the following spells:

 Spells                   Type           Power        Failure   Level  Hunger
 Passwall                 Tmut/Erth      #.......     22%         2    ###....
 Stone Arrow              Conj/Erth      #.....       45%         3    ####...
 Petrify                  Tmut/Erth      #.......     83%         4    #####..
 Lee's Rapid Deconstruct  Erth           #.........   96%         5    ######.


Dungeon Overview and Level Annotations

Branches:
Dungeon (1/15)

Altars:


Innate Abilities, Weirdness & Mutations

You reflexively headbutt those who attack you in melee.
You have a pair of horns on your head.


Message History

Welcome, MalarOregon the Minotaur Earth Elementalist.
Will you prevail where others failed? Will you find the Orb of Zot?
Found 14 gold pieces and a ring mail.
Found a staircase leading out of the dungeon.
You now have 5 gold pieces.
You now have 14 gold pieces (gained 9).
A kobold comes into view.
It is wielding a club. (m)acro, (M)acro raw, keymap [(k) default, (x) level-map, (t)argeting, Input macro trigger key: 1 Input macro action: za Created macro '1' => 'za'.
You can't see any susceptible monsters within range! (Use Z to cast anyway.)
Aim: a kobold, wielding a club The blast of sand hits the kobold.
b - 29 stones You don't have enough magic to cast that spell.
A kobold comes into view. It is wielding a short sword.
You miss the kobold.
The kobold shouts!
The kobold barely misses you. You furiously retaliate!
You headbutt the kobold.
You kill the kobold!
A bat comes into view.
Found a bubbling emerald potion.
Things that are here:
a club; a kobold corpse A dart slug comes into view.
The bat closely misses you. The bat hits you but does no damage.
You hit the kobold. You headbutt the kobold.
You kill the kobold!
The bat misses you. You furiously retaliate!
You headbutt the bat!
You kill the bat!
The dart slug launches a dart at you. The slug dart hits you!
The dart slug launches a dart at you. The slug dart hits you!
* * * LOW HITPOINT WARNING * * *
Things that are here:
a short sword; a kobold corpse The dart slug barely misses you.
You hit the dart slug but do no damage. You headbutt the dart slug.
A bat comes into view.
The dart slug launches a dart at you. The slug dart misses you.
The bat moves out of view.
You hit the dart slug but do no damage. You hit the dart slug but do no damage.
The dart slug launches a dart at you. The slug dart hits you!
Ouch! That really hurt!
You die...

# #. .. .. ####.##+##.
#......... #..#.#.#.#
#...!....# #.....w..+
#.....@..# #........#
### #........# #####..
.........)### ##≈##.[.
.#..........## #≈......
...........).# ##.......
..≈≈≈≈.≈≈≈≈≈.###......≈≈
..≈≈≈≈.≈≈≈≈≈.........≈..
..≈≈≈≈.≈≈≈≈≈.........≈.<


You could see a dart slug.

Vanquished Creatures
  A bat (D:1)
  2 kobolds (D:1)
3 creatures vanquished.

Notes
Turn   | Place    | Note
-------+----------+-------------------------------------------
     0 | D:1      | MalarOregon the Minotaur Earth Elementalist began the quest
                  | for the Orb.
     0 | D:1      | Reached XP level 1. HP: 14/14 MP: 1/1
    31 | D:1      | Killed from afar by a dart slug

Action                   || total
-------------------------++-------
Melee: Unarmed           ||     5
       Headbutt          ||     2
 Cast: Sandblast         ||     1
Armor: Robe              ||     1
Dodge: Dodged            ||     5
